 Dungeon Crawl Stone Soup version 0.30.0-29-ga12c61a403 (webtiles) character file.

Game seed: 12622364616200453221

30 RascalDebosk the Magician (level 3, 0/25 HPs)
             Began as a Djinni Conjurer on June 4, 2023.
             Slain by a jackal (2 damage)
             ... on level 2 of the Dungeon.
             The game lasted 00:07:15 (1157 turns).

RascalDebosk the Magician (Djinni Conjurer)         Turns: 1157, Time: 00:07:16

Health: 0/25       AC:  2    Str:  6    XL:     3   Next: 35%
Gold:   46         EV: 12    Int: 21    God:
                   SH:  0    Dex: 11

rFire   + + .        e - +0 rapier
rCold   x . .        (no shield)
rNeg    + . .        a - +0 robe
rPois   ∞            (no helmet)
rElec   .            (no cloak)
rCorr   .            (no gloves)
SInv    .            (boots unavailable)
Will    .....        (no amulet)
Stlth   ++           c - ring of positive energy
HPRegen 0.24/turn    (no ring)
MPRegen 0.00/turn

%: infuse magic (-1 HP)
@: flying
A: sickness immunity, fire resistance 2, cold vulnerability 1, float, innate
caster, HP casting, extra vitality 1
a: no special abilities


You were on level 2 of the Dungeon.
You visited 1 branch of the dungeon, and saw 2 of its levels.

You collected 46 gold pieces.

Inventory:

Hand Weapons
 e - a +0 rapier (weapon)
 s - a +0 dagger
Armour
 a - a +0 robe (worn)
Jewellery
 c - a ring of positive energy (left hand)
Scrolls
 b - 3 scrolls of identify {unknown}
 d - a scroll of fog {unknown}
 g - a scroll of teleportation {unknown}
 h - a scroll of noise {unknown}
Potions
 f - 2 potions of curing {unknown}
 i - a potion of flight {unknown}


   Skills:
 - Level 2.1 Dodging
 - Level 1.5 Stealth
 * Level 4.0 Spellcasting


You knew the following spells:

 Your Spells              Type           Power      Damage    Failure   Level
a - Magic Dart            Conj           84%        1d7       2%          1
b - Searing Ray           Conj           42%        2d6       3%          2
c - Dazzling Flash        Conj/Hex       42%        N/A       7%          3
d - Fulminant Prism       Conj/Hex       10%        3d8       22%         4
e - Iskenderun's Mystic   Conj/Tloc      21%        2d6       22%         4
f - Necrotise             Necr           84%        1d8       2%          1
Your spell library was empty.

Dungeon Overview and Level Annotations

Branches:
Dungeon (2/15)

Altars:


Innate Abilities, Weirdness & Mutations

You are immune to sickness and miasma.
You are immune to poison.
Your flesh is very heat resistant. (rF++)
You are vulnerable to cold. (rC-)
You float through the air rather than walking.
You learn spells naturally, not from books.
Your magical power is your life essence.
You have superior vitality. (+4 MHP)


Message History

The bat moves out of view.
Your jackal skeleton crumbles into dust!
A frilled lizard comes into view.
You see here a scroll labelled POASEMU EXKOO.
Okay, then.
b - 3 scrolls labelled POASEMU EXKOO (gained 1)
Casting: Necrotise (safe; 2% risk of failure)
Confirm with . or Enter, or press ? or * to list all spells.
You aren't experienced enough to cast this spell.
Casting: Necrotise (safe; 2% risk of failure)
Confirm with . or Enter, or press ? or * to list all spells.
The spell is quite dangerous to miscast (7% risk of failure)!
Continue anyway?
Casting: Dazzling Flash (quite dangerous; 7% risk of failure)
Press: ? - help, Dir - look around, f - activate The jackal is dazzled.
The frilled lizard is dazzled.
The jackal closely misses you.
You hit the jackal but do no damage. The bat barely misses you.
The jackal barely misses you. The jackal closely misses you.
The ball python closely misses you. x2
You closely miss the jackal.
The frilled lizard is no longer blind.
The bat closely misses you. The jackal barely misses you.
The ball python bites you but does no damage.
The ball python barely misses you.
The frilled lizard hisses.
The jackal barely misses you.
You closely miss the jackal.
The jackal is no longer blind.
The ball python barely misses you. x2; The jackal closely misses you.
The frilled lizard barely misses you. The ball python misses you.
The ball python grabs you. The ball python constricts you.
You hit the ball python.
The ball python is heavily wounded.
The bat hits you but does no damage. The jackal closely misses you.
The ball python closely misses you. The ball python constricts you.
The frilled lizard bites you.
The jackal bites you but does no damage.
You hit the ball python.
You kill the ball python!
The bat barely misses you. The jackal bites you.
The frilled lizard barely misses you. The jackal bites you.
The bat hits you but does no damage. The frilled lizard bites you.
The frilled lizard attacks as you move away!
The frilled lizard bites you. The bat hits you but does no damage.
You see here a ball python corpse.
Casting: Dazzling Flash (quite dangerous; 7% risk of failure)
Confirm with . or Enter, or press ? or * to list all spells.
You aren't experienced enough to cast this spell.
Unknown command.
Casting: Dazzling Flash (quite dangerous; 7% risk of failure)
Confirm with . or Enter, or press ? or * to list all spells.
The spell is quite dangerous to miscast (7% risk of failure)!
Continue anyway?
Casting: Dazzling Flash (quite dangerous; 7% risk of failure)
Press: ? - help, Dir - look around, f - activate The jackal is dazzled.
The frilled lizard is dazzled.
* * * LOW HITPOINT WARNING * * *
The jackal closely misses you. The bat closely misses you.
The frilled lizard barely misses you.
You hit the jackal but do no damage. The bat closely misses you.
The bat hits you but does no damage. The jackal completely misses you.
The jackal bites you.
* * * LOW HITPOINT WARNING * * *
The frilled lizard bites you.
* * * LOW HITPOINT WARNING * * *
You barely miss the jackal. The bat misses you. The jackal closely misses you.
The jackal bites you.
* * * LOW HITPOINT WARNING * * *
You closely miss the jackal. The jackal bites you.
* * * LOW HITPOINT WARNING * * *
The bat barely misses you. The frilled lizard barely misses you.
The bat barely misses you. The bat misses you. The bat closely misses you.
The jackal is no longer blind.
The bat misses you. The bat attacks as you move away!
The bat closely misses you. The bat hits you but does no damage.
The bat hits you.
* * * LOW HITPOINT WARNING * * *
Casting: Dazzling Flash (quite dangerous; 7% risk of failure)
Confirm with . or Enter, or press ? or * to list all spells.
Aiming: Searing Ray (safe; 3% risk of failure)
Press: ? - help, Shift-Dir - straight line, f - frilled lizard
Aim: a frilled lizard (63% to hit)
The searing ray hits the bat!
You kill the bat!
The searing ray hits the frilled lizard!
You kill the frilled lizard! (Press . to maintain the ray.)
* * * LOW HITPOINT WARNING * * *
The searing ray misses the jackal.
* * * LOW HITPOINT WARNING * * *
The jackal bites you.
* * * LOW HITPOINT WARNING * * *
The jackal misses you.
Without enough magic to sustain it, your searing ray dissipates.
The jackal bites you but does no damage.
You barely miss the jackal. The jackal barely misses you.
The jackal misses you.
Unknown command.
You barely miss the jackal. The jackal misses you.
You closely miss the jackal. The jackal closely misses you.
The jackal bites you.
You die...

#. #.#..#.....# ..
.# ?.##....# #
#.##. #.###†##.#
.....###........#
.............####
.###.......#.#
..........†#.#
####......h#.#
#......@#.#
#......>#.#
#.......#.#
####.####.#.#
#.........
#.)###.... #..###.#
# ####
######......#
##................#


You could see a jackal.

Vanquished Creatures
  A dart slug (D:1)
  2 ball pythons (D:2)
  4 bats
  4 endoplasms
  2 giant cockroaches (D:1)
  A goblin (D:2)
  2 jackals (D:2)
  2 kobolds
  2 frilled lizards
  4 rats (D:1)
24 creatures vanquished.

Vanquished Creatures (collateral kills)
  A jackal (D:2)
1 creature vanquished.

Grand Total: 25 creatures vanquished

Notes
Turn   | Place    | Note
-------+----------+-------------------------------------------
     0 | D:1      | RascalDebosk the Djinni Conjurer began the quest for the
                  | Orb.
     0 | D:1      | RascalDebosk set off with the following spells memorised:
                  | Magic Dart, Searing Ray, Dazzling Flash, Fulminant Prism,
                  | Iskenderun's Mystic Blast.
     0 | D:1      | Reached XP level 1. HP: 15/15 MP: 0/0
   172 | D:1      | Reached XP level 2. HP: 19/21 MP: 0/0
   807 | D:1      | Found a faded altar of an unknown god.
  1080 | D:2      | Reached XP level 3. HP: 23/25 MP: 0/0
  1080 | D:2      | Learned a level 1 spell: Necrotise
  1112 | D:2      | Reached skill level 4 in Spellcasting
  1153 | D:2      | HP: 1/25 [jackal (2)]
  1157 | D:2      | Slain by a jackal

Illustrated notes

Levels and vault maps discovered:
D:1:      lightli_arrival_statuegarden, layout_basic,
          shapermc_ecumenical_altar_hornbeckon
D:2:      layout_loops_ring, grunt_decor_fettered, minmay_pentomino_pile

Skill      XL: |  1  2  3 |
---------------+----------+-----
Spellcasting   | 4 |  4.0
Dodging        | |  2.1
Stealth        | |  1.5

Action                     || total
---------------------------++-------
  Melee: Rapier            ||    22
         Punch             ||     1
   Cast: Magic Dart        ||    32
         Necrotise         ||     6
         Dazzling Flash    ||     2
         Searing Ray       ||     1
 Armour: Robe              ||    11
  Dodge: Dodged            ||    48
